 Dungeon Crawl Stone Soup version 0.31-a0-960-g0fca184906 (webtiles) character file.

Game seed: 10805991719232400973

45249 Arzdou the Thaumaturge (level 13, -3/108 HPs)
             Began as a Demigod Ice Elementalist on Oct 22, 2023.
             Slain by a troll (11 damage)
             ... on level 2 of the Orcish Mines.
             The game lasted 01:21:14 (20732 turns).

Arzdou the Thaumaturge (Demigod Ice Elementalist)  Turns: 20732, Time: 01:21:14

Health: -3/108     AC: 19    Str:  9    XL:     13   Next: 61%
Magic:  13/42      EV: 26    Int: 38    God:
Gold:   1214       SH:  9    Dex: 16    Spells: 12/33 levels left

rFire   + . .        g - +4 spear "Piniteq" {venom, rF+ rC++}
rCold   + + .        o - +3 warlock's mirror {omnireflect}
rNeg    . . .        D - +1 leather armour of Baldness {Will+ Dex+2}
rPois   .            O - +3 hat of Pondering {ponderous, Will+ MP+10 Int+5}
rElec   .            t - +1 cloak
rCorr   .            G - +0 pair of gloves
SInv    .            M - +0 pair of boots
Will    +++..        p - amulet of the acrobat
Stlth   ++           d - +4 ring of protection
HPRegen 0.38/turn    K - +4 ring of protection
MPRegen 0.28/turn

%: reflection, acrobat
@: acrobatic, studying Evocations, slow
A: high MP 1, forlorn, divine attributes
a: no special abilities


You were on level 2 of the Orcish Mines.
You visited 3 branches of the dungeon, and saw 18 of its levels.

You collected 1368 gold pieces.
You spent 154 gold pieces at shops.

Inventory:

Hand Weapons
 g - the +4 spear "Piniteq" (weapon) {venom, rF+ rC++}
   (You found it on level 5 of the Dungeon)

   rF+:       It protects you from fire.
   rC++:      It greatly protects you from cold.
Missiles
 c - 41 poisoned darts
Armour
 o - the +3 warlock's mirror (worn) {omnireflect}
   (You acquired it on level 6 of the Dungeon)

   Omnireflect: It can block and reflect piercing ranged attacks and magical
   attacks against the wielder's willpower.
 q - +0 fire dragon scales
 t - a +1 cloak (worn)
 w - a +0 helmet
 D - the +1 leather armour of Baldness (worn) {Will+ Dex+2}
   (You bought it in a shop on level 6 of the Dungeon)

   Dex+2:     It affects your dexterity (+2).
   Will+:     It increases your willpower.
 G - a +0 pair of gloves (worn)
 M - a +0 pair of boots (worn)
 O - the +3 hat of Pondering (worn) {ponderous, Will+ MP+10 Int+5}
   (You took it off Gastronok on level 3 of the Lair of Beasts)

   Int+5:     It affects your intelligence (+5).
   Will+:     It increases your willpower.
   MP+10:     It affects your magic capacity (+10).
Jewellery
 d - a +4 ring of protection (left hand)
 i - a ring of protection from fire
 l - a ring of magical power
 p - an amulet of the acrobat (around neck)
 r - the ring "Vapsiu" {Fire rN+ Stlth+}
   (You found it on level 3 of the Dungeon)

   [ring of fire]

   Fire:      It enhances your fire magic.
   rF+:       It protects you from fire.
   rC-:       It makes you vulnerable to cold.
   rN+:       It protects you from negative energy.
   Stlth+:    It makes you more stealthy.
 u - a ring of fire
 K - a +4 ring of protection (right hand)
 Q - a ring of see invisible
 S - the ring "Detur" {rF+ rC+ Dex+4 SInv}
   (You found it on level 5 of the Lair of Beasts)

   [ring of see invisible]

   Dex+4:     It affects your dexterity (+4).
   rF+:       It protects you from fire.
   rC+:       It protects you from cold.
   SInv:      It lets you see invisible.
Wands
 j - a wand of acid (4)
 n - a wand of flame (14)
 v - a wand of mindburst (2)
 y - a wand of polymorph (11)
 B - a wand of charming (9)
 N - a wand of digging (3)
 T - a wand of iceblast (2)
Scrolls
 f - 4 scrolls of fog
 h - 2 scrolls of vulnerability
 s - 4 scrolls of teleportation
 x - 2 scrolls of immolation
 I - 2 scrolls of enchant weapon {unknown}
 J - 2 scrolls of brand weapon {unknown}
 L - a scroll of butterflies {unknown}
 P - a scroll of amnesia {unknown}
 R - a scroll of identify
Potions
 a - a potion of mutation
 b - 4 potions of magic
 e - 3 potions of heal wounds
 k - 3 potions of cancellation
 m - 8 potions of curing
 z - 5 potions of enlightenment
 A - a potion of brilliance
 C - 2 potions of berserk rage
 E - 2 potions of lignification
 F - 2 potions of attraction
 H - a potion of haste


   Skills:
 + Level 8.6 Fighting
 - Level 9.1 Polearms
 - Level 2.0 Dodging
 - Level 2.0 Stealth
 - Level 8.0 Shields
 - Level 10.9 Spellcasting
 - Level 3.0 Summonings
 + Level 2.5 Necromancy
 - Level 3.0 Translocations
 - Level 7.0 Fire Magic
 - Level 7.0 Ice Magic
 - Level 10.0 Evocations


You had 12 spell levels left.
You knew the following spells:

 Your Spells              Type           Power      Damage    Failure   Level
a - Freeze                Ice            100%       1d10      1%          1
b - Frozen Ramparts       Ice            100%       1d16      1%          3
c - Ozocubu's Armour      Ice            65%        N/A       1%          3
d - Blink                 Tloc           86%        N/A       1%          2
e - Summon Ice Beast      Ice/Summ       56%        N/A       4%          4
f - Flame Wave            Conj/Fire      47%        2d12      9%          4
g - Sticky Flame          Conj/Fire      47%        2d6       9%          4

Your spell library contained the following spells:

 Spells                   Type           Power      Damage    Failure   Level
 Lesser Beckoning         Tloc           86%        N/A       1%          2
 Inner Flame              Hex/Fire       47%        N/A       2%          3
 Cigotuvi's Dreadful Rot  Necr/Pois/Air  54%        N/A       3%          2
 Momentum Strike          Conj/Tloc      64%        3d9       3%          2
 Dispel Undead            Necr           40%        3d16      12%         4
 Metabolic Englaciation   Hex/Ice        23%        N/A       24%         5
 Simulacrum               Ice/Necr       27%        N/A       58%         6
 Death Channel            Necr           20%        N/A       88%         6


Dungeon Overview and Level Annotations

Branches:
Dungeon (11/15)            Temple (0/1) D:7            Lair (5/5) D:10
 Shoals (0/4) Lair:2       Spider (0/4) Lair:3        Slime (0/5) Lair:5
    Orc (2/2) D:9
    Elf: Orc:2

Shops:
D:6 *

Annotations:
D:9 1 runed translucent door, Dirtsage's ghost, journeyman MiFi
D:10 1 runed translucent door, 1 exclusion, Pi314's ghost, journeyman DrFE
Lair:3 1 runed translucent door, NigelTetley's ghost, journeyman FoFi
Lair:5 2 transporters, 1 runed translucent door, Pi314's ghost, journeyman DrCj


Innate Abilities, Weirdness & Mutations

You have an increased reservoir of magic. (+10% MP)
You shall have no god before yourself.
Your divine heritage dramatically boosts your attributes as you level up.


Message History

The troll looks frightened!
The ogre looks frightened!
The orc warrior looks frightened!
An ogre comes into view. It is wielding a +0 giant club.
The two-headed ogre pleads, "Please don't kill me!"
A deep troll comes into view.
An ogre, 2 two-headed ogres and a troll come into view.
The ogre shouts!
A two-headed ogre comes into view.
It is wielding a +0 giant club and a +0 giant spiked club.
The ogre moves out of view.
The two-headed ogre moves out of view. x2
A troll comes into view.
The stone giant shouts, "No!
I'll never do that again!"
The troll completely misses you. You block the troll's attack.
The troll barely misses you.
The two-headed ogre pleads, "Please don't kill me!"
The troll gibbers meaninglessly.
Your magical contamination has completely faded away.
The stone giant seems to regain its courage.
The two-headed ogre wails, "Oh dear!
Oh dear!"
Aiming: Dig
Press: ? - help, Shift-Dir - straight line You can't see that place.
The rock shatters into small pieces.
The troll closely misses you. The troll claws you but does no damage.
The troll claws you.
* * * LOW HITPOINT WARNING * * *
The deep troll bites you but does no damage.
The deep troll claws you.
* * * LOW HITPOINT WARNING * * *
You block the deep troll's attack. You block the troll's attack.
The troll claws you.
* * * LOW HITPOINT WARNING * * *
The troll completely misses you.
An ogre comes into view. It is wielding a +0 giant club.
You block the troll's attack. The troll claws you!
* * * LOW HITPOINT WARNING * * *
The troll barely misses you. The ogre mage casts a spell at you.
Your +3 warlock's mirror {omnireflect} blocks the Paralyse... and reflects it back!
The ogre mage suddenly stops moving!
The troll attacks as it pursues you! The troll bites you!
You die...

### #.# #### ### #.###
########### .#...##.##
#.#.###...##....##
.........####@...#............
.........##O.T#..##...........
........#..O..#....#..........
o...$......TC###..............
...#..#..OTOOT................
......#....OOO....#.........)#
...$.[)#).O..................<
....$))O#)##.#...............)
........#.#...................


You could see a stone giant, 4 two-headed ogres, an ogre mage (paralysed), 3
trolls and 4 ogres.

Vanquished Creatures
  Gastronok (Lair:3)
  A fire dragon (Lair:5)
  A hydra (Lair:2)
  An ogre mage (Orc:2)
  A catoblepas (Lair:2)
  2 two-headed ogres
  A deep troll (Orc:2)
  A lindwurm (Lair:5)
  An orc sorcerer (Orc:1)
  14 elephants
  6 black mambas
  2 molten gargoyles (Lair:5)
  A torpor snail (Lair:1)
  Maggie (D:8)
  11 cane toads
  4 rime drakes
  12 komodo dragons
  A troll (D:10)
  A meliai (Lair:3)
  2 polar bears
  Prince Ribbit (Lair:1)
  7 dream sheep
  9 blink frogs
  A wraith (D:10)
  2 shadows (D:10)
  9 wyverns
  46 yaks
  4 basilisks
  4 steam dragons
  4 vampire mosquitoes (D:10)
  5 hell hounds (Lair:5)
  9 water moccasins
  A swamp drake (D:9)
  10 orc warriors
  3 sky beasts
  11 ogres
  5 wolves (Lair:5)
  3 centaurs
  2 kobold brigands
  22 bullfrogs
  A gnoll sergeant (D:10)
  2 scorpions
  15 wights
  6 killer bees (Lair:3)
  3 electric eels
  6 howler monkeys
  5 lava snakes (Lair:5)
  2 cerulean imps
  4 jellies
  16 orc priests
  6 hounds
  2 iguanas
  A sleepcap (D:7)
  10 hell rats
  19 orc wizards
  7 adders
  10 gnolls
  3 shadow imps
  6 ufetubi
  A worm (D:3)
  4 dart slugs
  59 orcs
  4 endoplasms
  A giant cockroach (D:2)
  8 goblins
  10 hobgoblins
  19 jackals
  21 kobolds
  3 quokkas
  5 ball pythons
  4 bats
  4 frilled lizards
  6 rats
496 creatures vanquished.

Vanquished Creatures (collateral kills)
  An elephant (Lair:5)
  An orc warrior (Orc:1)
  An ogre (Orc:2)
  An orc (Orc:1)
4 creatures vanquished.

Grand Total: 500 creatures vanquished

Notes
Turn   | Place    | Note
-------+----------+-------------------------------------------
     0 | D:1      | Arzdou the Demigod Ice Elementalist began the quest for the
                  | Orb.
     0 | D:1      | Reached XP level 1. HP: 14/14 MP: 5/5
   100 | D:1      | Reached XP level 2. HP: 20/20 MP: 1/7
   967 | D:1      | You fall into a shaft and drop 1 floor!
   980 | D:2      | Reached XP level 3. HP: 26/26 MP: 7/9
  1056 | D:2      | Learned a level 3 spell: Frozen Ramparts
  1060 | D:2      | Learned a level 3 spell: Ozocubu's Armour
  1655 | D:1      | Reached XP level 4. HP: 33/33 MP: 11/11
  2468 | D:3      | Identified the ring "Vapsiu" {Fire rN+ Stlth+}
  3148 | D:4      | Reached XP level 5. HP: 38/38 MP: 6/13
  3318 | D:4      | Reached skill level 5 in Ice Magic
  4247 | D:5      | Entered Level 5 of the Dungeon
  4251 | D:5      | Noticed an ogre
  4257 | D:5      | Identified the +4 spear "Piniteq" {venom, rF+ rC++}
  4275 | D:5      | Killed an ogre
  4276 | D:5      | Reached XP level 6. HP: 45/45 MP: 15/15
  4365 | D:5      | Identified the +7 mace "Newtbane" {heavy, rCorr Int+4}
  4495 | D:5      | Reached XP level 7. HP: 50/50 MP: 8/17
  4791 | D:5      | Reached skill level 5 in Spellcasting
  5552 | D:6      | Found Okihurhev's Assorted Antiques.
  5560 | D:6      | Bought an encrusted leather armour for 154 gold pieces
  5560 | D:6      | Identified the +1 leather armour of Baldness {Will+ Dex+2}
                  | (You bought it in a shop on level 6 of the Dungeon)
  5606 | D:6      | Reached skill level 1 in Fighting
  5606 | D:6      | Reached skill level 1 in Evocations
  5721 | D:6      | Reached XP level 8. HP: 46/61 MP: 20/20
  6011 | D:6      | Identified a scroll of acquirement
  6011 | D:6      | Acquired the +3 warlock's mirror {omnireflect}
  6011 | D:6      | Found the +3 warlock's mirror {omnireflect}
  6052 | D:7      | Found a staircase to the Ecumenical Temple.
  6158 | D:7      | Reached skill level 1 in Shields
  7134 | D:7      | Reached skill level 1 in Polearms
  7135 | D:7      | Reached XP level 9. HP: 62/73 MP: 21/21
  7138 | D:7      | Reached skill level 5 in Fighting
  7593 | D:8      | Noticed Maggie
  7605 | D:8      | Killed Maggie
  7606 | D:8      | Reached skill level 5 in Shields
  7842 | D:8      | Identified the +2 spear of Gyonos {freeze, Will+}
  8140 | D:8      | Learned a level 2 spell: Blink
  8267 | D:8      | Learned a level 4 spell: Summon Ice Beast
  8425 | D:9      | Reached skill level 1 in Summonings
  8425 | D:9      | Reached skill level 1 in Translocations
  8641 | D:9      | Identified the +4 mace of the Heavens {protect, Stlth+}
  9129 | D:9      | Noticed a two-headed ogre
  9137 | D:9      | Killed a two-headed ogre
  9424 | D:9      | Reached XP level 10. HP: 86/86 MP: 22/22
  9449 | D:9      | Found a runed translucent door.
  9449 | D:9      | Noticed Dirtsage's ghost (journeyman MiFi)
  9449 | D:9      | Noticed a +6 quarterstaff of chaos
  9775 | D:9      | Reached skill level 5 in Evocations
  9826 | D:9      | Found a staircase to the Orcish Mines.
  9955 | D:10     | Entered Level 10 of the Dungeon
 10346 | D:10     | Found a runed translucent door.
 10349 | D:10     | Noticed Pi314's ghost (journeyman DrFE)
 11290 | D:10     | Found a staircase to the Lair.
 11451 | D:11     | Noticed a cyan ugly thing
 11611 | Lair:1   | Entered Level 1 of the Lair of Beasts
 11733 | Lair:1   | Reached XP level 11. HP: 92/92 MP: 26/26
 11734 | Lair:1   | Reached skill level 10 in Evocations
 12594 | Lair:1   | Noticed Prince Ribbit
 12598 | Lair:1   | Killed Prince Ribbit
 13130 | Lair:2   | Noticed a catoblepas
 13146 | Lair:2   | Killed a catoblepas
 13147 | Lair:2   | Reached skill level 5 in Polearms
 13725 | Lair:2   | Reached skill level 10 in Spellcasting
 13835 | Lair:2   | Found a staircase to the Shoals.
 13945 | Lair:2   | Noticed a six-headed hydra
 13960 | Lair:2   | Killed a six-headed hydra
 14335 | Lair:3   | Identified the +10 spear of Ignis's Fury {pain, rPois
                  | Will+}
 14335 | Lair:3   | Noticed a spriggan rider
 14386 | Lair:3   | Reached XP level 12. HP: 93/100 MP: 24/30
 14581 | Lair:3   | Found a runed translucent door.
 14584 | Lair:3   | Noticed NigelTetley's ghost (journeyman FoFi)
 14754 | Lair:3   | Found a hole to the Spider Nest.
 14933 | Lair:3   | Noticed Gastronok
 14957 | Lair:3   | Killed Gastronok
 15630 | Lair:4   | Learned a level 4 spell: Flame Wave
 15635 | Lair:4   | Learned a level 4 spell: Sticky Flame
 15786 | Lair:4   | Reached skill level 1 in Fire Magic
 16921 | Lair:5   | Entered Level 5 of the Lair of Beasts
 17475 | Lair:5   | Reached skill level 5 in Fire Magic
 17922 | Lair:5   | Found a transporter.
 18029 | Lair:5   | Found a transporter.
 18037 | Lair:5   | Noticed Pi314's ghost (journeyman DrCj)
 18062 | Lair:5   | Reached XP level 13. HP: 103/105 MP: 32/32
 18947 | Lair:5   | Found a large runed translucent door.
 18947 | Lair:5   | Found a large runed translucent door.
 19094 | Lair:5   | Identified the ring "Detur" {rF+ rC+ Dex+4 SInv}
 19358 | Lair:5   | Found a runed translucent door.
 19358 | Lair:5   | Noticed an acid blob
 19358 | Lair:5   | Noticed an acid blob
 19359 | Lair:5   | Found a staircase to the Slime Pits.
 20172 | Orc:1    | Entered Level 1 of the Orcish Mines
 20216 | Orc:1    | Reached skill level 1 in Necromancy
 20455 | Orc:2    | Entered Level 2 of the Orcish Mines
 20706 | Orc:2    | Noticed a stone giant
 20732 | Orc:2    | Slain by a troll

Illustrated notes

Levels and vault maps discovered:
D:1:      eino_arrival_cavern_b, layout_loops_corners
D:2:      layout_basic, chequers_serial_rivers_micro_d
D:3:      layout_basic, ebering_ecumenical_altar_petrified, minmay_ruptured
D:4:      layout_basic, kennysheep_mini
D:5:      cheibrodos_helix_gallery, layout_basic, lemuel_tele_altar
D:6:      layout_cave_pools, serial_shops, nicolae_shop_trees,
          minmay_misc_feat_rows
D:7:      layout_cave_pools, mainiacjoe_overflow_chevrons,
          minmay_temple_entry_grid, minmay_manual_mares
D:8:      layout_loops_ring, uniq_maggie
D:9:      layout_stronghold, nemelex_altar_shiori, vehumet_altar_wand_db,
          erik_orc_1, ebering_ghost_xom
D:10:     layout_rooms, mainiacjoe_overflow_divided_tiny, david_lair_shrubbed,
          gammafunk_ghost_grave, kennysheep_windowed_goal
D:11:     layout_cave_pools, yredelemnul_altar_generic, uniq_lodul
Lair:1:   layout_loops_ring, grunt_megastairs_5, uniq_prince_ribbit2
Lair:2:   layout_cave_pods, elwin_shoals_entry_rocks,
          nicolae_quartered_pool_super, st_stairs_6
Lair:3:   layout_misc_corridors, hellmonk_spider_entry_not_the_bees,
          ebering_ghost_funeral_grove, uniq_gastronok
Lair:4:   layout_regular_city
Lair:5:   cheibrodos_lair_end_hotspot, layout_gridlike, slime_entry_2,
          gammafunk_ghost_wrathful_warriors, infiniplex_staircase_pool
Orc:1:    layout_diamond_mine, nicolae_orc_rockfall, lightli_church_of_beogh
Orc:2:    st_orc_open, layout_caves, gammafunk_ghost_cemetery

Skill      XL: |  1  2  3  4  5  6  7  8  9 10 11 12 13 |
---------------+----------------------------------------+-----
Dodging        | 2 |  2.0
Stealth        | 2 |  2.0
Spellcasting   | 2 3 4 5 7 10 | 10.9
Ice Magic      | 4 5 6 7 |  7.0
Fighting       | 2 4 7 8 |  8.6
Evocations     | 1 3 9 10 | 10.0
Shields        | 4 5 8 |  8.0
Polearms       | 1 3 6 9 |  9.1
Summonings     | 3 |  3.0
Translocations | 3 |  3.0
Fire Magic     | 6 7 |  7.0
Necromancy     | 2 |  2.5

Action                     |  1- 3 |  4- 6 |  7- 9 | 10-12 | 13-15 || total
---------------------------+-------+-------+-------+-------+-------++-------
  Melee: Unarmed           |     1 |       |       |       |       ||     1
         Dagger            |     1 |     8 |       |       |       ||     9
         Whip              |       |    15 |       |       |       ||    15
         Spear             |       |     6 |   152 |   215 |    60 ||   433
  Throw: Dart              |       |     6 |     6 |     2 |       ||    14
   Cast: Freeze            |    51 |    77 |   160 |   370 |   168 ||   826
         Frozen Ramparts   |     1 |    19 |    45 |    77 |    28 ||   170
         Ozocubu's Armour  |     1 |     4 |    15 |    38 |    11 ||    69
         Summon Ice Beast  |       |       |       |     2 |     3 ||     5
         Flame Wave        |       |       |       |       |     4 ||     4
  Evoke: Wand              |       |     1 |     7 |    16 |     4 ||    28
    Use: Scroll            |       |     8 |    10 |     5 |     1 ||    24
         Potion            |       |       |       |     1 |       ||     1
   Stab: Distracted        |       |       |     1 |       |       ||     1
         Sleeping          |       |       |     1 |     2 |       ||     3
 Armour: Robe              |    22 |    58 |    32 |       |       ||   112
         Leather armour    |       |       |   165 |   395 |   143 ||   703
         Skin              |       |       |     3 |       |       ||     3
  Dodge: Dodged            |    19 |    32 |   178 |   289 |    97 ||   615
  Block: Buckler           |       |       |    96 |   245 |    95 ||   436
         Reflection        |       |       |     9 |     2 |    15 ||    26

Table legend: (Time is in decaauts)
 A = Elapsed time spent in this place.
 B = Non-inter-level travel time spent in this place.
 C = Inter-level travel time spent in this place.
 D = Time resting spent in this place.
 E = Time spent auto-exploring this place.
 F = Levels seen in this place.
 G = Mean time per level.
                   A        B        C        D        E       F      G
               +--------+--------+--------+--------+--------+-----+--------+
         Total |  21008 |  20060 |    948 |    891 |  15253 |  18 | 1167.1 |
       Dungeon |  11776 |  11144 |    632 |    679 |   8218 |  11 | 1070.5 |
          Lair |   8654 |   8350 |    304 |    212 |   6607 |   5 | 1730.8 |
  Orcish Mines |    577 |    566 |     11 |      0 |    428 |   2 |  288.5 |
               +--------+--------+--------+--------+--------+-----+--------+

Top non-repeatable levels by time:
  Lair:5: 2422 daAuts
  Lair:4: 2263 daAuts
     D:9: 1691 daAuts
    D:10: 1433 daAuts
  Lair:2: 1433 daAuts
  Lair:1: 1423 daAuts
     D:4: 1323 daAuts
     D:1: 1287 daAuts
     D:7: 1206 daAuts
     D:5: 1179 daAuts
  Lair:3: 1111 daAuts
     D:8: 1068 daAuts
     D:6: 917 daAuts
     D:2: 901 daAuts
     D:3: 734 daAuts
